AoeStats
← zofrano

Arabia

507692267Analyzed
1v1 RM · 11d ago on Sep 19, 2026· 29m 55s· 2 players
Game mode
Random Map
Map size
Tiny (2 player)
Population
200
Speed
Normal
Resources
Standard
Victory
Conquest
Starting age
Dark Age
Ending age
Imperial Age
RankedLock teamsTeams togetherTeam positionsShared explorationLock speedFull tech treeHidden civsTurbo modeCheats
Victory
Defeat
🇺🇸 Japanese · United States
932
+14
🇹🇷 Malians · Türkiye
899
-14
zofrano
6:13 Loom
9:48 Feudal Age
13:09 Double-Bit Axe
13:57 Horse Collar
14:58 Fletching
19:00 Wheelbarrow
20:21 Town Watch
23:18 Castle Age
21:57 Gold Mining
22:08 Padded Archer Armor
23:22 Crossbowman
24:08 Thumb Ring
23:59 Bodkin Arrow
24:20 Leather Archer Armor
25:04 Leather Archer Armor
27:44 Bow Saw
Shameless
7:12 Loom
9:08 Feudal Age
11:03 Double-Bit Axe
11:56 Man-at-Arms
21:30 Castle Age
21:45 Scale Mail Armor
21:55 Forging
24:17 Horse Collar
24:40 Long Swordsman
26:13 Gambesons
26:32 Squires
27:23 Chain Mail Armor
28:43 Iron Casting
Connection lost

Rejoining the realm…

Still unreachable

The connection could not be restored.

Session expired

The server has moved on; the page needs a fresh start.